 Dungeon Crawl Stone Soup version 0.14-a0-1527-g89529d6 (webtiles) character file.

103 Mitsuki the Scratcher (level 3, 15/15 HPs)
             Began as a Felid Transmuter on Dec 17, 2013.
             Quit the game on Level 3 of the Dungeon.
             The game lasted 00:20:55 (2442 turns).

Mitsuki the Scratcher (Felid Transmuter)            Turns: 2442, Time: 00:20:55

HP  15/15        AC  1     Str  6      XL: 3   Next: 10%
MP   8/8         EV 19     Int 14      God:
Gold 71          SH  0     Dex 17      Spells:  3 memorised,  0 levels left
Lives: 0, deaths: 1

rFire  . . .     SeeInvis +       - Unarmed
rCold  . . .     Clarity  .     (armour unavailable)
rNeg   . . .     Conserve .     (shield unavailable)
rPois  .         rCorr    +     (helmet unavailable)
rElec  .         rRot     .     (cloak unavailable)
SustAb . .       Spirit   .     (gloves unavailable)
rMut   .         Warding  .     (boots unavailable)
Saprov . . .     Stasis   .     e - amulet of resist corrosion
                                (no ring)
                                i - ring of flight

@: quick, slightly resistant to hostile enchantments, stealthy
A: paw claws, no armour, no advanced items, fangs 3, see invisible, carnivore 3,
speed 1, shaggy fur 1, slow metabolism 1, jump 1
a: Jump Attack, Evoke Flight


You were on level 3 of the Dungeon.
You were not hungry.

You visited 1 branch of the dungeon, and saw 3 of its levels.

You collected 71 gold pieces.

Inventory:

Missiles
 b - 53 arrows
Comestibles
 a - 4 meat rations
Scrolls
 g - 2 scrolls of fog
 h - a scroll of blinking {unknown}
 j - a scroll of teleportation {unknown}
 k - a scroll of enchant armour {unknown}
 l - a scroll of random uselessness {unknown}
 m - a scroll of remove curse {unknown}
 o - a scroll of amnesia {unknown}
Jewellery
 c - an uncursed ring of fire
 e - an amulet of resist corrosion (around neck)
 i - a ring of flight (left paw)
Books
 d - a book of Changes

   Spells                             Type                      Level
   *Beastly Appendage                 Transmutation                1
   *Sticks to Snakes                  Transmutation                2
   *Spider Form                       Transmutation/Poison         3
   Ice Form                           Ice/Transmutation            4
   Blade Hands                        Transmutation                5


   Skills:
 + Level 1.1 Fighting
 + Level 3.4 Dodging
 + Level 2.0 Stealth
 + Level 3.6 Unarmed Combat
 + Level 2.4 Spellcasting
 + Level 2.9 Transmutations


You couldn't memorise any spells.
You knew the following spells:

 Your Spells              Type           Power        Failure   Level  Hunger
a - Beastly Appendage     Trmt           #.....       10%         1    #......
b - Sticks to Snakes      Trmt           #.........   12%         2    ###....
c - Spider Form           Trmt/Pois      #.........   38%         3    ####...


Dungeon Overview and Level Annotations

Branches:
Dungeon (3/16)

Altars:
Cheibriados
Vehumet


Innate Abilities, Weirdness & Mutations

You cannot wear armour.
You are incapable of any advanced item manipulation.
Your paws have sharp claws.*
You have razor-sharp teeth.*
You have supernaturally acute eyesight.
You are carnivorous and can eat meat at any time.
You cover ground quickly.*
You are covered in fur (AC +1).*
You have a slow metabolism.
You can jump attack at a short distance.


Message History

The centaur shoots an arrow.
The arrow hits you!
The centaur shoots an arrow.
The arrow misses you.
You hear a splash.
The hobgoblin throws a dart.
The dart misses you.
The centaur unwields an uncursed bow.
The centaur misses you.
You barely miss the centaur. The centaur closely misses you.
The centaur shoots an arrow.
The arrow misses you.
You hear a splash.
You scratch the centaur.
The centaur begins to bleed from its wounds!
The centaur is moderately wounded.
The centaur hits you!
You die...
The centaur shoots an arrow.
The arrow hits you!
You hear a splash.
The centaur completely misses you.
You are now level 3!
You rejoin the land of the living...
You can't grasp things well enough to throw them.
Are you sure you want to abandon this character and quit the game? (Confirm with "yes".)

.................................
...###########.###..........#....
...###########.###..........#....
............................# ...
...###############..........# .
...# #..........# ...#
#..........# #####
##########.#######.## .....
........@..........# #####
##########.######### #.#
##################.#
...................#
####################


There were no monsters in sight!

Vanquished Creatures
  2 adders (D:3)
  2 giant geckos (D:1)
  2 orcs (D:3)
  5 hobgoblins
  A quokka (D:2)
  4 bats
  5 giant cockroaches
  2 giant newts (D:2)
  10 goblins
  8 jackals
  8 kobolds
  3 rats
52 creatures vanquished.

Notes
Turn   | Place    | Note
--------------------------------------------------------------
     0 | D:1      | Mitsuki, the Felid Transmuter, began the quest for the Orb.
     0 | D:1      | Reached XP level 1. HP: 9/9 MP: 4/4
   335 | D:1      | Reached XP level 2. HP: 9/12 MP: 3/5
   419 | D:1      | Reached skill level 1 in Stealth
   988 | D:1      | Learned a level 2 spell: Sticks to Snakes
  1186 | D:2      | Reached XP level 3. HP: 15/15 MP: 6/8
  1389 | D:2      | Found a snail-covered altar of Cheibriados.
  1389 | D:2      | Found a radiant altar of Vehumet.
  1730 | D:3      | Learned a level 3 spell: Spider Form
  2369 | D:3      | Noticed a centaur
  2374 | D:3      | Reached XP level 4. HP: 15/19 MP: 8/11
  2430 | D:3      | Noticed a centaur
  2441 | D:3      | Slain by a centaur
  2442 | D:3      | Reached XP level 3. HP: -3/15 MP: 8/8
  2442 | D:3      | Quit the game

Action                   |  1- 3 |  4- 6 || total
-------------------------+-------+-------++-------
Melee: Unarmed           |   144 |     2 ||   146
 Cast: Beastly Appendage |    26 |       ||    26
       Spider Form       |     3 |       ||     3
 Abil: Jump Attack       |     4 |       ||     4
       Evoke Flight      |       |     1 ||     1
  Use: Potion            |     4 |       ||     4
       Scroll            |     1 |       ||     1
 Stab: Sleeping          |     6 |       ||     6
